 Dungeon Crawl Stone Soup version 0.23-a0-644-gb60d84b (webtiles) character file.

49 Firecrotchwizard the Caller (level 3, 0/24 HPs)
             Began as a Merfolk Summoner on Jan 2, 2019.
             Hit by a stone thrown by a gnoll (6 damage)
             ... on level 2 of the Dungeon.
             The game lasted 00:05:03 (2660 turns).

Firecrotchwizard the Caller (Merfolk Summoner)      Turns: 2660, Time: 00:05:04

Health: 0/24       AC:  4    Str:  8    XL:     3   Next: 75%
Magic:  3/6        EV: 14    Int: 15    God:
Gold:   92         SH:  0    Dex: 17    Spells: 0/6 levels left

rFire    . . .     SeeInvis .   f - +0 dagger (drain)
rCold    . . .     Gourm    .   (no shield)
rNeg     . . .     Faith    .   a - +0 robe
rPois    .         Spirit   .   (no helmet)
rElec    .         Reflect  .   b - +0 cloak
rCorr    .         Harm     .   (no gloves)
MR       .....                  p - +0 pair of boots (curse)
Stlth    ++........             (no amulet)
HPRegen  0.08/turn              e - +3 ring of dexterity
MPRegen  0.10/turn              (no ring)

@: no status effects
A: change form in water, swift swim, stealthy swim
a: no special abilities


You were on level 2 of the Dungeon.
You were not hungry.

You visited 1 branch of the dungeon, and saw 2 of its levels.

You collected 92 gold pieces.

Inventory:

Hand Weapons
 d - a +0 dagger
   (You took it off a kobold on level 1 of the Dungeon)
 f - a +0 dagger of draining (weapon)
   (You took it off a goblin on level 1 of the Dungeon)
 q - a +0 dagger of freezing
   (You found it on level 2 of the Dungeon)
Armour
 a - a +0 robe (worn)
 b - a +0 cloak (worn)
   (You found it on level 1 of the Dungeon)
 p - a cursed +0 pair of boots (worn)
   (You found it on level 1 of the Dungeon)
Jewellery
 e - a +3 ring of dexterity (left hand)
   (You found it on level 1 of the Dungeon)
 s - an uncursed ring of ice {rC+, rF-}
   (You took it off a goblin on level 2 of the Dungeon)
Scrolls
 h - 4 scrolls of identify {unknown}
 i - 2 scrolls of remove curse {unknown}
 j - a scroll of immolation {unknown}
 l - a scroll of amnesia {unknown}
 n - a scroll of fog {unknown}
 o - a scroll of teleportation {unknown}
 u - a scroll of enchant weapon {unknown}
Potions
 g - a potion of haste {unknown}
 k - a potion of might {unknown}
 m - a potion of experience {unknown}
 t - a potion of heal wounds {unknown}
Comestibles
 c - a ration


   Skills:
 + Level 3.4 Dodging
 - Level 2.1 Stealth
 + Level 2.4 Spellcasting
 * Level 4.7 Summonings


You couldn't memorise any spells.
You knew the following spells:

 Your Spells              Type           Power        Failure   Level  Hunger
a - Summon Small Mammal   Summ           ###.         3%          1    #......
b - Call Canine Familiar  Summ           ###.....     9%          3    ###....
c - Call Imp              Summ           ###.....     4%          2    ###....

Your spell library contained the following spells:

 Spells                   Type           Power        Failure   Level  Hunger
 Summon Guardian Golem    Hex/Summ       #.......     24%         3    ###....
 Summon Ice Beast         Ice/Summ       #.......     63%         4    #####..
 Summon Lightning Spire   Summ/Air       #.......     63%         4    #####..


Dungeon Overview and Level Annotations

Branches:
Dungeon (2/15)

Altars:
Sif Muna


Message History

There is a stone staircase leading up here.
The gnoll barely misses you.
There is a stone staircase leading up here.
The gnoll closely misses you.
You climb upwards.
There is a stone staircase leading down here.
A beastly little devil appears in a puff of flame.
The gnoll hits you with a cursed +0 spear.
You take 4 damage, and have 20/24 hp.
You now have 4/6 mp.
The gnoll barely misses you.
Your crimson imp barely misses the gnoll.
The gnoll hits you from afar with a cursed +0 spear.
Your crimson imp blinks!
You take 5 damage, and have 16/24 hp.
MASSIVE DAMAGE!!
You now have 3/6 mp.
The gnoll hits you from afar with a cursed +0 spear.
Your quokka bites the gnoll.
Your crimson imp blinks!
You take 5 damage, and have 11/24 hp.
MASSIVE DAMAGE!!
Your quokka closely misses the gnoll.
Your quokka closely misses the gnoll.
The gnoll hits you with a cursed +0 spear!
* * * LOW HITPOINT WARNING * * *
Your quokka bites the gnoll.
You take 8 damage, and have 3/24 hp.
MASSIVE DAMAGE!!
You hit the gnoll. The gnoll closely misses you.
Your quokka bites the gnoll.
You hit the gnoll. You drain the gnoll!
You kill the gnoll!
You swap places.
You see here a cursed +0 spear.
There isn't anything to butcher here.
You swap places.
You start resting.
Your crimson imp disappears in a puff of smoke!
Your quokka disappears in a puff of smoke!
Health restored: 24; MP restored: 6
There is a stone staircase leading down here.
Memorise Call Canine Familiar, consuming 3 spell levels and leaving 0?
You start memorising the spell.
You continue memorising. x3
You finish memorising.
Spell assigned to 'b'.
You climb downwards.
There is a stone staircase leading up here.
You now have 3/6 mp.
The gnoll shouts!
You hear an angry hiss.
A beastly little devil appears in a puff of flame.
The gnoll misses you.
You now have 2/6 mp.
The gnoll barely misses you.
You barely miss the gnoll.
The gnoll shouts!
The gnoll hits you with a +0 halberd!
You take 11 damage, and have 13/24 hp.
MASSIVE DAMAGE!!
You hit the gnoll but do no damage. You drain the gnoll!
Your hound bites the gnoll.
Your crimson imp blinks!
Your hound bites the gnoll.
The gnoll hits your hound with a +0 halberd.
A rat comes into view.
The frilled lizard barely misses your hound.
You barely miss the gnoll.
Your hound bites the gnoll but does no damage.
The gnoll hits you with a +0 halberd.
The frilled lizard bites your hound but does no damage.
You take 3 damage, and have 10/24 hp.
You hit the gnoll but do no damage.
Your hound closely misses the gnoll.
Your hound completely misses the gnoll.
The frilled lizard closely misses your hound.
Unknown command.
You hit the gnoll but do no damage. You drain the gnoll!
Your hound closely misses the gnoll.
The frilled lizard closely misses your hound.
You closely miss the gnoll. Your hound misses the frilled lizard.
The gnoll misses you.
Your hound misses the frilled lizard.
The frilled lizard closely misses your hound.
The gnoll hits you.
Your hound bites the frilled lizard.
The frilled lizard dies!
The gnoll throws a stone.
The stone closely misses you.
You see here a stone.
Your hound bites the gnoll.
The gnoll dies!
Your hound closely misses the gnoll.
The gnoll throws a stone.
The stone misses your hound. The stone hits you.
* * * LOW HITPOINT WARNING * * *
You see here a stone.
You take 4 damage, and have 6/24 hp.
Your hound closely misses the gnoll.
The rat bites your hound.
Your hound bites the gnoll.
The rat barely misses your hound.
Your crimson imp closely misses the gnoll.
Your hound bites the gnoll but does no damage.
Your hound barely misses the gnoll.
The rat barely misses your hound.
Your crimson imp hits the gnoll.
Your crimson imp disappears in a puff of smoke!
Your hound bites the gnoll but does no damage.
The rat bites your hound.
The gnoll throws a stone.
The stone hits you.
You die...

.........##.# ###........
.........##.# #......g..
.........##.## ........#
.............# ......#
÷........###.### #...#
.........###...## #...#
<[..............## #.#.###
.........####.#..#####r....####
.........###....@...§h..........
...........<.#.#.#.(g.......>...
........######.#..#####....#.###
##.....## #.##...# ##.#.#..#
######## #.####.# ##....#.#.
#.....## #..# #.# #...#.#...
.......## ##.# #.###.....#...
........# #.# #.............
.......[# #.######...#......


You could see a gnoll, a rat and a friendly hound.

Vanquished Creatures
  A gnoll (D:1)
  A worm (D:2)
  A dart slug (D:2)
  4 bats
  2 giant cockroaches (D:1)
  5 goblins
  3 hobgoblins
  A quokka (D:2)
  A frilled lizard (D:1)
  4 kobolds (D:1)
  3 rats (D:1)
26 creatures vanquished.

Vanquished Creatures (collateral kills)
  A gnoll (D:2)
  A worm (D:2)
  A dart slug (D:1)
  A frilled lizard (D:2)
  A kobold (D:1)
5 creatures vanquished.

Grand Total: 31 creatures vanquished

Notes
Turn   | Place    | Note
-------+----------+-------------------------------------------
     0 | D:1      | Firecrotchwizard the Merfolk Summoner began the quest for
                  | the Orb.
     0 | D:1      | Reached XP level 1. HP: 13/13 MP: 3/3
   399 | D:1      | Reached XP level 2. HP: 19/19 MP: 1/5
   404 | D:1      | Reached skill level 3 in Dodging
   715 | D:1      | Learned a level 2 spell: Call Imp
  1206 | D:2      | Reached XP level 3. HP: 16/24 MP: 3/6
  1515 | D:2      | Found a deep blue altar of Sif Muna.
  2373 | D:1      | HP: 3/24 [gnoll/cursed +0 spear (8)]
  2635 | D:1      | Learned a level 3 spell: Call Canine Familiar
  2656 | D:2      | HP: 6/24 [gnoll/stone (4)]
  2660 | D:2      | Hit by a stone thrown by a gnoll

Vault maps used:
D:1:      lightli_arrival_flooded_house
D:2:      lemuel_doored_altar

Skill      XL: |  1  2 |
---------------+-------+-----
Dodging        | 3 |  3.4
Stealth        | |  2.1
Spellcasting   | |  2.4
Summonings     | |  4.7

Action                   || total
-------------------------++-------
Melee: Unarmed           ||    25
       Dagger            ||   106
 Cast: Summon Small Mamm ||    10
       Call Imp          ||     6
       Call Canine Famil ||     1
 Stab: Sleeping          ||     4
       Distracted        ||     1
  Eat: Chunk             ||     3
       Ration            ||     1
Armor: Robe              ||    34
Dodge: Dodged            ||   102

Table legend:
 A = Non-vault XP
 B = Vault XP
 C = Vault XP percentage of total XP
 D = Non-vault monster count
 E = Vault monster count
 F = Vault count percentage of total count
                 A         B        C        D         E       F
            +---------+---------+-------+---------+---------+-------
      Total |      70 |       0 |   0.0 |      31 |       0 |   0.0
            +---------+---------+-------+---------+---------+-------
        D:1 |      33 |       0 |   0.0 |      18 |       0 |   0.0
        D:2 |      37 |       0 |   0.0 |      13 |       0 |   0.0
            +---------+---------+-------+---------+---------+-------

Vault maps used:
D:1:      lightli_arrival_flooded_house
D:2:      lemuel_doored_altar

Table legend:
 A = Turns spent in this place as a percentage of turns spent in the entire game.
 B = Non-inter-level travel turns spent in this place as a percentage of non-inter-level travel turns spent in the entire game.
 C = Inter-level travel turns spent in this place as a percentage of turns spent in this place.
 D = Turns resting spent in this place as a percentage of non-inter-level travel turns spent in this place.
 E = Turns spent auto-exploring this place as a percentage of non-inter-level travel turns spent in this place.
 F = Non-inter-level travel turns spent in this place divided by the number of levels of this place that you've seen.
                   A       B       C       D       E      F
               +-------+-------+-------+-------+-------+----------------------
         Total | 100.0 | 100.0 |   0.6 |  61.6 |  20.2 | 1321.5
       Dungeon | 100.0 | 100.0 |   0.6 |  61.6 |  20.2 | 1321.5
               +-------+-------+-------+-------+-------+----------------------

Table legend:
 A = Kills in this place as a percentage of kills in entire the game.
 B = Kills by you in this place as a percentage of kills by you in the entire game.
 C = Kills by friends in this place as a percentage of kills by friends in the entire game.
 D = Other kills in this place as a percentage of other kills in the entire game.
 E = Experience gained in this place as a percentage of experience gained in the entire game.
 F = Experience gained in this place divided by the number of levels of this place that you have seen.
                   A       B       C       D       E      F
               +-------+-------+-------+-------+-------+----------------------
         Total | 100.0 | 100.0 | 100.0 |   N/A | 100.0 |  35.0
       Dungeon | 100.0 | 100.0 | 100.0 |   N/A | 100.0 |  35.0
               +-------+-------+-------+-------+-------+----------------------
